 Dungeon Crawl Stone Soup version 0.19.0-20-gbc5f0c6 (webtiles) character file.

105 McCoppin the Sneak (level 4, -6/27 HPs)
             Began as an Octopode Necromancer on Nov 16, 2016.
             Mangled by a worm (10 damage)
             ... on level 2 of the Dungeon.
             The game lasted 00:05:41 (2168 turns).

McCoppin the Sneak (Octopode Necromancer)           Turns: 2168, Time: 00:05:42

Health: -6/27      AC:  1    Str:  7    XL:     4   Next: 83%
Magic:  1/7        EV: 13    Int: 17    God:
Gold:   68         SH:  0    Dex: 13    Spells: 2 memorised, 3 levels left

rFire  . . .     SeeInvis .     d - +0 short sword
rCold  . . .     Gourm    .     (no shield)
rNeg   . . .     Faith    .     (helmet restricted)
rPois  .         Spirit   .     i - amulet of rage
rElec  .         Reflect  .     (no ring)
rCorr  .         Harm     .     (no ring)
MR     .....                    (no ring)
Stlth  ++++......               (no ring)
                                (no ring)
                                (no ring)
                                (no ring)
                                (no ring)

@: very slightly contaminated
A: almost no armour, stealthy swim, amphibious, 8 rings, constrict 8, camouflage
1, gelatinous body 1
a: Evoke Berserk Rage


You were on level 2 of the Dungeon.
You were hungry.

You visited 1 branch of the dungeon, and saw 2 of its levels.

You collected 68 gold pieces.

Inventory:

Hand Weapons
 d - a +0 short sword (weapon)
Jewellery
 i - an amulet of rage (around mantle)
Scrolls
 e - 2 scrolls of amnesia {unknown}
 f - a scroll of teleportation {unknown}
 g - 3 scrolls of identify {unknown}
 n - a scroll of immolation {unknown}
 o - a scroll of enchant weapon {unknown}
Potions
 h - a potion of might {unknown}
 k - a potion of heal wounds {unknown}
 l - a potion of degeneration {unknown}
 m - 2 potions of haste {unknown}
 p - 2 potions of brilliance {unknown}
 q - a potion of cancellation {unknown}
Books
 a - a book of Necromancy

   Spells                             Type                      Level
   a - Pain                           Necromancy                   1
   b - Animate Skeleton               Necromancy                   1
   c - Vampiric Draining              Necromancy                   3
   d - Regeneration                   Charms/Necromancy            3
   e - Animate Dead                   Necromancy                   4
   f - Control Undead                 Necromancy                   4
Comestibles
 b - 4 bread rations
 c - a meat ration
 j - 4 fruits
 r - 2 chunks of flesh


   Skills:
 - Level 2.0 Dodging
 + Level 6.9 Stealth
 - Level 2.0 Spellcasting
 - Level 4.0 Necromancy


You had 3 spell levels left.
You knew the following spells:

 Your Spells              Type           Power        Failure   Level  Hunger
a - Pain                  Necr           ###.         3%          1    #......
b - Vampiric Draining     Necr           ###.......   12%         3    ###....


Dungeon Overview and Level Annotations

Branches:
Dungeon (2/15)

Altars:


Innate Abilities, Weirdness & Mutations

You cannot wear most types of armour.
You are very stealthy in the water. (Stealth+)
You are amphibious.
You can wear up to eight rings at the same time.
You can use your tentacles to constrict eight enemies at once.
Your skin changes colour to match your surroundings (Stealth+).
Your rubbery body absorbs attacks. (AC +1, EV +1)


Message History

Press: ? - help, Shift-Dir - straight line, f/p - worm
Aim: a worm (heavily wounded, chance to defeat MR: 80%)
The worm writhes in agony!
Casting: Pain
Confirm with . or Enter, or press ? or * to list all spells.
Aiming: Pain
Press: ? - help, Shift-Dir - straight line, f/p - worm
Aim: a worm (heavily wounded, chance to defeat MR: 80%)
The worm writhes in agony!
The worm barely misses you.
You barely miss the worm. You grab the worm.
The worm is severely wounded.
You constrict the worm. The worm bites you!
* * * LOW HITPOINT WARNING * * *
You hit the worm but do no damage.
The worm is severely wounded.
You constrict the worm. You hit the worm.
The worm is almost dead.
You constrict the worm. The worm bites you!
You die...

## .. #### .# #####.. .# ...#.# #
.## ######.#.#####.###. ..#
########..................
..######........[......###.[.####
................##.....# .....#
...#####.#.#####@w.....#......w#
...### #.#.# #.#..............#
.†.#.###.#.# #.#...............
....#......# #.######....<....#
.....###.### #.# ##.......##
...### #.# #.# #.... ##.# #.# #.#
#..) # ..[ ..# #.# # ##.## #.#
#.##########.# #


You could see a worm.

Vanquished Creatures
  Jessica (D:2)
  3 adders (D:2)
  2 dart slugs
  A leopard gecko (D:1)
  9 bats
  A giant cockroach (D:1)
  5 goblins
  5 hobgoblins
  6 jackals
  A quokka (D:2)
  A frilled lizard (D:2)
  6 kobolds (D:1)
  3 rats
44 creatures vanquished.

Notes
Turn   | Place    | Note
-------+----------+-------------------------------------------
     0 | D:1      | McCoppin the Octopode Necromancer began the quest for the Orb.
     0 | D:1      | Reached XP level 1. HP: 11/11 MP: 3/3
    68 | D:1      | Reached skill level 3 in Stealth
   390 | D:1      | Reached XP level 2. HP: 16/17 MP: 5/5
   441 | D:1      | Reached skill level 4 in Stealth
   959 | D:1      | Reached XP level 3. HP: 15/21 MP: 2/6
  1035 | D:1      | Reached skill level 5 in Stealth
  1440 | D:2      | Learned a level 3 spell: Vampiric Draining
  1745 | D:2      | Reached XP level 4. HP: 27/27 MP: 4/7
  1749 | D:2      | Reached skill level 6 in Stealth
  1931 | D:2      | Noticed Jessica
  1935 | D:2      | Killed Jessica
  2168 | D:2      | Mangled by a worm

Skill      XL: |  1  2  3  4 |
---------------+-------------+-----
Stealth        | 3 4 5 6 |  6.9
Dodging        | |  2.0
Spellcasting   | |  2.0
Necromancy     | |  4.0

Action                   |  1- 3 |  4- 6 || total
-------------------------+-------+-------++-------
Melee: Unarmed           |    85 |       ||    85
       Constrict         |    27 |     5 ||    32
       Tentacles         |    17 |     2 ||    19
       Short sword       |       |    19 ||    19
 Cast: Pain              |    22 |    17 ||    39
 Stab: Sleeping          |     5 |     2 ||     7
  Eat: Chunk             |     3 |     1 ||     4
Armor: Skin              |    14 |     2 ||    16
Dodge: Dodged            |    64 |    12 ||    76
